 Dungeon Crawl Stone Soup version 0.28-b1-25-g9875b3fc8c (webtiles) character file.

Game seed: 16818303701359011610

25 crazypyro the Chopper (level 2, -1/26 HPs)
             Began as a Minotaur Fighter on Jan 31, 2022.
             Slain by an adder (3 damage)
             ... on level 2 of the Dungeon.
             The game lasted 00:00:56 (479 turns).

crazypyro the Chopper (Minotaur Fighter)             Turns: 479, Time: 00:00:57

Health: -1/26      AC:  6    Str: 20    XL:     2   Next: 82%
Magic:  1/1        EV:  9    Int:  5    God:
Gold:   7          SH:  4    Dex: 11    Spells: 1/1 levels left

rFire   . . .      SeeInvis .   a - +0 war axe
rCold   . . .      Faith    .   c - +0 buckler
rNeg    . . .      Spirit   .   b - +0 scale mail
rPois   .          Reflect  .   (helmet restricted)
rElec   .          Harm     .   (no cloak)
rCorr   .          Rampage  .   (no gloves)
Will    .....                   (no boots)
Stlth   ..........              (no amulet)
HPRegen 0.08/turn               (no ring)
MPRegen 0.07/turn               (no ring)

@: lethally poisoned (-1 -> -4)
A: horns 2, retaliatory headbutt, agile 1
a: no special abilities


You were on level 2 of the Dungeon.
You visited 1 branch of the dungeon, and saw 2 of its levels.

You collected 7 gold pieces.

Inventory:

Hand Weapons
 a - a +0 war axe (weapon)
Armour
 b - a +0 scale mail (worn)
 c - a +0 buckler (worn)
Jewellery
 e - a ring of magical power
Scrolls
 f - a scroll of identify
Potions
 d - a potion of might


   Skills:
 - Level 3.6 Fighting
 + Level 4.2 Axes
 - Level 3.6 Armour
 - Level 3.6 Shields


You had one spell level left.
You didn't know any spells.
Your spell library was empty.

Dungeon Overview and Level Annotations

Branches:
Dungeon (1/15)

Altars:


Innate Abilities, Weirdness & Mutations

You have a pair of horns on your head.
You reflexively headbutt those who attack you in melee.
You are agile. (Dex +2)


Message History

The endoplasm quivers.
The adder bites you.
You are poisoned.
The adder poisons you! The adder bites you but does no damage.
You completely miss the adder. You hit the endoplasm but do no damage.
You feel sick. The adder bites you.
You are more poisoned.
The adder poisons you! The endoplasm barely misses you.
You miss the adder. You headbutt the adder.
The adder is lightly wounded.
You barely miss the endoplasm.
You feel very sick. The adder barely misses you. You furiously retaliate!
You headbutt the adder, but do no damage.
The endoplasm freezes you.
You are frozen.
The adder bites you but does no damage.
You miss the adder. You headbutt the adder!
The adder is almost dead.
You hit the endoplasm.
* * * LOW HITPOINT WARNING * * *
You feel very sick. The endoplasm barely misses you. You furiously retaliate!
You headbutt the endoplasm, but do no damage.
The adder bites you but does no damage. The endoplasm freezes you.
You are frozen.
* * * LOW HITPOINT WARNING * * *
You block the adder's attack.
You barely miss the adder.
The adder is almost dead.
You hit the endoplasm.
* * * LOW HITPOINT WARNING * * *
You feel sick. The adder closely misses you. The endoplasm barely misses you.
You barely miss the adder.
The adder is almost dead.
You hit the endoplasm.
You kill the endoplasm!
* * * LOW HITPOINT WARNING * * *
You feel sick. You block the adder's attack. The adder bites you.
You die...

.###)##)..# .#..##...# #
#..##..##.###### ..
.###.##.##.......
#.##!..#.#..#....... #..
##...##.)..####
#..#.###).....#######.
#.#.#..÷.............
#..##†.#........@S......
#...............###..##.
##..####............>...
# #####....#######.
##.#.# #.#.# #.#.# #.#.#
#.#.#


You could see an adder.

Vanquished Creatures
  A worm (D:2)
  A dart slug (D:2)
  2 bats
  5 endoplasms (D:2)
  3 hobgoblins
  2 ball pythons
  2 goblins (D:2)
  2 kobolds
  A rat (D:2)
19 creatures vanquished.

Notes
Turn   | Place    | Note
-------+----------+-------------------------------------------
     0 | D:1      | crazypyro the Minotaur Fighter began the quest for the Orb.
     0 | D:1      | Reached XP level 1. HP: 19/19 MP: 0/0
   156 | D:1      | Gained mutation: You are agile. (Dex +2) [potion of
                  | mutation]
   164 | D:1      | Reached skill level 3 in Axes
   209 | D:1      | You fall into a shaft and drop 1 floor!
   230 | D:2      | Reached XP level 2. HP: 22/26 MP: 1/1
   338 | D:2      | Reached skill level 4 in Axes
   479 | D:2      | Slain by an adder

Illustrated notes

Levels and vault maps discovered:
D:1:      ncdulo_wetmaze, layout_basic
D:2:      layout_loops_ring, ebering_ecumenical_altar_sacrificial,
          minmay_pentomino_pile

Skill      XL: |  1  2 |
---------------+-------+-----
Axes           | 3 4 |  4.2
Fighting       | |  3.6
Armour         | |  3.6
Shields        | |  3.6

Action                   || total
-------------------------++-------
Melee: War axe           ||    46
       Headbutt          ||     5
  Use: Scroll            ||     1
       Potion            ||     1
Armor: Scale mail        ||    26
Dodge: Dodged            ||    23
Block: Buckler           ||    14
